 Dungeon Crawl Stone Soup version 0.28-a0-794-gafe8c5f9e9 (webtiles) character file.

Game seed: 7612645151001553377

65 pokeman the Magician (level 3, -3/20 HPs)
             Began as a Deep Elf Hedge Wizard on Nov 5, 2021.
             Killed by nerve-wracking pain
             ... invoked by a shadow imp
             ... summoned by Natasha
              (7 damage)
             ... on level 2 of the Dungeon.
             The game lasted 00:03:21 (2085 turns).

pokeman the Magician (Deep Elf Hedge Wizard)        Turns: 2085, Time: 00:03:21

Health: -3/20      AC:  5    Str:  7    XL:     3   Next: 94%
Magic:  1/11       EV: 12    Int: 19    God:
Gold:   119        SH:  0    Dex: 14    Spells: 1/12 levels left

rFire   . . .      SeeInvis .   l - staff of air
rCold   . . .      Faith    .   (no shield)
rNeg    . . .      Spirit   .   a - +0 leather armour
rPois   .          Reflect  .   c - +0 hat
rElec   +          Harm     .   j - +0 cloak
rCorr   .          Rampage  .   f - +0 pair of gloves
Will    .....                   (no boots)
Stlth   ++........              (no amulet)
HPRegen 0.06/turn               (no ring)
MPRegen 0.12/turn               (no ring)

@: very slightly contaminated, slowed, very slow
A: no striking features
a: no special abilities


You were on level 2 of the Dungeon.
You visited 1 branch of the dungeon, and saw 2 of its levels.

You collected 119 gold pieces.

Inventory:

Missiles
 g - 10 arrows
Armour
 a - a +0 leather armour (worn)
 c - a +0 hat (worn)
 f - a +0 pair of gloves (worn)
 j - a +0 cloak (worn)
Magical Staves
 l - a staff of air (weapon)
Scrolls
 d - 5 scrolls of identify {unknown}
 i - a scroll of noise {unknown}
 k - a scroll of amnesia {unknown}
Potions
 e - 4 potions of ambrosia {unknown}
 h - a potion of degeneration {unknown}


   Skills:
 - Level 1.0 Fighting
 - Level 1.0 Armour
 + Level 2.5 Dodging
 - Level 2.4 Stealth
 * Level 5.4 Spellcasting
 + Level 2.0 Conjurations
 - Level 1.1 Summonings
 - Level 1.1 Translocations
 + Level 0.3 Fire Magic


You had one spell level left.
You knew the following spells:

 Your Spells              Type           Power      Damage    Failure   Level
a - Magic Dart            Conj           52%        1d5       8%          1
b - Mephitic Cloud        Conj/Pois/Air  11%        N/A       36%         3
c - Call Imp              Summ           9%         N/A       17%         2
d - Blink                 Tloc           18%        N/A       17%         2
e - Conjure Flame         Conj/Fire      9%         6-21      32%         3

Your spell library contained the following spells:

 Spells                   Type           Power      Damage    Failure   Level
 Slow                     Hex            20%        N/A       17%         1


Dungeon Overview and Level Annotations

Branches:
Dungeon (2/15)

Altars:

Annotations:
D:2 Natasha


Message History

Press: ? - help, Shift-Dir - straight line, f/p - Natasha
Aim: Natasha (chance to affect: 86%)
You feel a surge of power!
The ball explodes into a vile cloud!
The stinking cloud engulfs Natasha but does no damage.
Natasha is engulfed in noxious fumes.
Natasha appears confused.
Unknown command.
Unknown command.
You hit Natasha.
Natasha is lightly wounded.
Natasha closely misses you.
You hit Natasha.
Natasha is moderately wounded.
The crimson imp blinks!
You barely miss Natasha.
Natasha is moderately wounded.
Natasha claws you.
* * * LOW HITPOINT WARNING * * *
Your magical contamination has completely faded away.
Natasha seems less confused.
Natasha wildly gestures.
You feel troubled.
Natasha casts a spell.
Natasha stares at you and mumbles some strange words.
The magic dart hits you.
* * * LOW HITPOINT WARNING * * *
Casting: Mephitic Cloud (potentially lethal; 36% risk of failure)
Confirm with . or Enter, or press ? or * to list all spells.
The spell is potentially lethal to cast (36% risk of failure)!
Continue anyway?
Aiming: Mephitic Cloud (potentially lethal; 36% risk of failure)
Press: ? - help, Shift-Dir - straight line, f/p - Natasha
Aim: Natasha (lightly wounded, chance to affect: 86%)
You feel a surge of power!
You miscast Mephitic Cloud.
You are very lightly contaminated with residual magic.
Nothing appears to happen.
Unknown command.
Natasha casts a spell at you.
You feel yourself slow down.
Natasha casts a spell.
The shadow imp gestures at you. Pain shoots through your body!
You die...

.........##..............# #..#
.........##....###.###########..#
.................#.#............#
.#.#+##.#.######.#.#.#..........#
.#.. #.#.#....#..........#######
#######.#.#.##.###.#.#...........
........#.#......#.#.####......##
...........<.......5......>###.#
................@.h............#
##)....##........#5.#.##.#.#####
##.....############.#.##...#
#...................#.###.h#
#......#######......#.###.5#####.
#......## #.........#.##.........
........# #.##......#.##...######
........# #.##.##.#.#.##...#
........###.##.##.#.#.##...##


You could see Natasha, a crimson imp (summoned) and a shadow imp (summoned).

Vanquished Creatures
  4 adders (D:2)
  2 dart slugs (D:2)
  5 bats
  3 endoplasms
  A giant cockroach (D:1)
  3 jackals (D:1)
  A quokka (D:1)
  A frilled lizard (D:2)
  2 kobolds
  7 rats
29 creatures vanquished.

Notes
Turn   | Place    | Note
-------+----------+-------------------------------------------
     0 | D:1      | pokeman the Deep Elf Hedge Wizard began the quest for the
                  | Orb.
     0 | D:1      | Reached XP level 1. HP: 10/10 MP: 7/7
   344 | D:1      | Reached XP level 2. HP: 16/16 MP: 3/9
  1348 | D:2      | Reached skill level 5 in Spellcasting
  1560 | D:2      | Reached XP level 3. HP: 20/20 MP: 7/11
  1564 | D:2      | Learned a level 3 spell: Mephitic Cloud
  1567 | D:2      | Learned a level 2 spell: Call Imp
  1570 | D:2      | Learned a level 2 spell: Blink
  1574 | D:2      | Learned a level 3 spell: Conjure Flame
  1745 | D:2      | Reached skill level 1 in Fighting
  1745 | D:2      | Reached skill level 1 in Armour
  2030 | D:2      | Noticed Natasha
  2085 | D:2      | Killed from afar by a shadow imp

Illustrated notes

Levels and vault maps discovered:
D:1:      dpeg_arrival_prison, layout_loops_ring, minmay_misc_feat_chi
D:2:      layout_basic, hellmonk_ecumenical_altar_pennies_from_heaven,
          dk_noncrumbling_3, minmay_tiny_reverse_x, uniq_natasha

Skill      XL: |  1  2  3 |
---------------+----------+-----
Spellcasting   | 5 |  5.4
Fighting       | 1 |  1.0
Armour         | 1 |  1.0
Conjurations   | 2 |  2.0
Dodging        | |  2.5
Stealth        | |  2.4
Summonings     | |  1.1
Translocations | |  1.1
Fire Magic     | |  0.3

Action                   || total
-------------------------++-------
Melee: Dagger            ||    17
       Staff             ||     3
 Cast: Magic Dart        ||    94
       Mephitic Cloud    ||     1
Armor: Robe              ||    10
       Leather armour    ||     4
Dodge: Dodged            ||    39

Table legend: (Time is in decaauts)
 A = Elapsed time spent in this place.
 B = Non-inter-level travel time spent in this place.
 C = Inter-level travel time spent in this place.
 D = Time resting spent in this place.
 E = Time spent auto-exploring this place.
 F = Levels seen in this place.
 G = Mean time per level.
                   A        B        C        D        E       F      G
               +--------+--------+--------+--------+--------+-----+--------+
         Total |   2085 |   2070 |     15 |     50 |   1718 |   2 | 1042.5 |
       Dungeon |   2085 |   2070 |     15 |     50 |   1718 |   2 | 1042.5 |
               +--------+--------+--------+--------+--------+-----+--------+

Top non-repeatable levels by time:
     D:1: 1251 daAuts
     D:2: 834 daAuts
